 Dungeon Sprint DCSS version 0.22-a0-553-g9358b0b (webtiles) character file.

267648 raistware the Intangible (level 18, -21/265 HPs)
             Began as a Merfolk Gladiator on June 25, 2018.
             Was an Elder of the Shining One.
             Killed from afar by an orb of fire (73 damage)
             ... with a fireball
             ... in the Dungeon (Sprint IX: "|||||||||||||||||||||||||||||").
             The game lasted 01:00:23 (7263 turns).

raistware the Intangible (Merfolk Gladiator)        Turns: 7263, Time: 01:00:25

Health: -21/265    AC: 27    Str: 30    XL:     18   Next: 34%
Magic:  17/33      EV: 31    Int: 18    God:    the Shining One [****..]
Gold:   1742       SH: 24    Dex: 18    Spells: 17/17 levels left

rFire    . . .     SeeInvis .   E - +9 trishula (holy)
rCold    + . .     Gourm    .   u - +0 large shield
rNeg     + + .     Faith    .   o - +6 chain mail
rPois    .         Spirit   .   B - +1 helmet
rElec    .         Reflect  .   F - +2 cloak
rCorr    .         Harm     .   z - +0 pair of gloves
MR       +....     Clarity  +   y - +0 pair of boots Stlth ..........NoTele +
                                t - amulet of regeneration
HPRegen  0.94/turn              N - ring "Qummico" {Str+3 Int+5}
MPRegen  0.23/turn              P - ring "Fuedd" {rC+ EV+3 Int+4}

@: berserking, glowing, very quick
A: change form in water, swift swim, stealthy swim, thin skeletal structure 1,
clarity, deformed body, strong 1
}: 5/15 runes: decaying, serpentine, barnacled, silver, gossamer
a: Divine Shield, Cleansing Flame, Renounce Religion


You were in the Dungeon.
You worshipped the Shining One.
The Shining One was greatly pleased with you.
You were very hungry.

You visited 1 branch You collected 1973 gold pieces.
You spent 231 gold pieces at shops.

Inventory:

Hand Weapons
 q - a +3 bardiche
 E - a +9 trishula of holy wrath (weapon)
 S - the +11 scythe of Armageddon {freeze, rF+}
   (You found it in the Dungeon)

   It has been specially enchanted to freeze those struck by it, causing extra
   injury to most foes and up to half again as much damage against particularly
   susceptible opponents.
   It can also slow down cold-blooded creatures.
   It protects you from fire.
Missiles
 d - 3 throwing nets (quivered)
 D - 13 javelins of returning
Armour
 c - quicksilver dragon scales
 o - a +6 chain mail (worn)
 u - a +0 large shield (worn)
 y - a +0 pair of boots (worn)
 z - a +0 pair of gloves (worn)
 B - a +1 helmet (worn)
 F - a +2 cloak (worn)
Jewellery
 a - a +6 ring of dexterity
 b - a +3 ring of strength
 l - an uncursed ring of protection from fire
 p - a +3 ring of intelligence
 s - an uncursed ring of wizardry
 t - an amulet of regeneration (around neck)
 N - the ring "Qummico" (left hand) {Str+3 Int+5}
   (You found it in the Dungeon)

   [ring of strength]

   It affects your strength (+3).
   It affects your intelligence (+5).
 O - the ring "Obauciul" {Wiz rC++ Str-4}
   (You found it in the Dungeon)

   [ring of wizardry]

   It improves your spell success rate.
   It affects your strength (-4).
   It greatly protects you from cold.
 P - the ring "Fuedd" (right hand) {rC+ EV+3 Int+4}
   (You found it in the Dungeon)

   [ring of evasion]

   It affects your evasion (+3).
   It affects your intelligence (+4).
   It protects you from cold.
 Q - the amulet "Toumn" {+Rage +Inv}
   (You found it in the Dungeon)

   [amulet of rage]

   It lets you turn invisible.
   It lets you go berserk.
Wands
 m - a wand of acid (2)
Scrolls
 h - 4 scrolls of remove curse
 j - 2 scrolls of amnesia
 k - 3 scrolls of blinking
 r - a scroll of vulnerability {unknown}
 v - 4 scrolls of identify
 w - 9 scrolls of fear
 x - 4 scrolls of enchant armour
 J - 2 scrolls of fog
 K - 5 scrolls of enchant weapon
Potions
 e - 3 potions of curing
 g - 2 potions of mutation
 i - 3 potions of magic
 A - 2 potions of agility
 C - 7 potions of haste
 I - a potion of brilliance
Comestibles
 f - 12 rations


   Skills:
 * Level 25.0 Fighting
 - Level 26.0 Polearms
 * Level 20.5 Throwing
 * Level 19.9 Armour
 O Level 27 Dodging
 * Level 19.4 Shields
 + Level 23.2 Invocations


You had 17 spell levels left.
You didn't know any spells.
Your spell library contained the following spells:

 Spells                   Type           Power        Failure   Level  Hunger
 Lightning Bolt           Conj/Air       #.........   100%        5    ######.
 Shock                    Conj/Air       #...         75%         1    ##.....
 Swiftness                Chrm/Air       #.......     87%         2    ###....
 Airstrike                Air            #.........   100%        4    #####..
 Static Discharge         Conj/Air       #.......     98%         3    ####...


Dungeon Overview and Level Annotations

Branches:
Dungeon (1/1)

Altars:
Cheibriados
Dithmenos
Elyvilon
Fedhas
Gozag
Hepliaklqana
Kikubaaqudgha
Makhleb
Nemelex Xobeh
Okawaru
Qazlal
Ru
Sif Muna
Trog
Uskayaw
Vehumet
Wu Jian
Xom
Yredelemnul
Zin
The Shining One
Beogh
Jiyva
Lugonu

Shops:
D (?%[


Innate Abilities, Weirdness & Mutations

You revert to your normal form in water.
You are very nimble and swift while swimming.
You are very stealthy in the water. (Stealth+)
You have a somewhat thin skeletal structure. (Dex +2, Stealth)
You possess an exceptional clarity of mind.
Armour fits poorly on your strangely shaped body.
Your muscles are strong. (Str +2)


Message History

The fireball engulfs your angel.
The fireball engulfs the orb of fire.
The orb of fire completely resists.
The orb of fire glows bright magenta.
The fireball explodes!
The fireball engulfs your angel.
Your angel dies!
The fireball engulfs the orb of fire.
The orb of fire completely resists.
Okay, then.
The orb of fire glows red.
The fireball explodes!
The fireball engulfs you!
The orb of fire glows deep purple.
The bolt of fire hits you!
* * * LOW HITPOINT WARNING * * *
A red film seems to cover your vision as you go berserk!
You feel yourself moving faster!
You feel mighty!
The orb of fire glows bright magenta.
Strange energies course through your body.
You feel stronger.
The orb of fire glows deep purple.
The fireball explodes!
The fireball engulfs you!
You die...

*,*,*,*,*,*,▓.▓.▓.▓.▓.▓.▓.▓.▓.
*,*,*,*,*+*,▓.▓.▓.▓.▓.▓.▓.▓.▓.
*,*,*,*,*,*,▓.▓.▓)▓)▓.▓.▓.▓.▓.
*,*,*,*,*,*,▓.▓.▓.▓.▓.▓.▓.▓.▓.
*,*,*+*,*,*,▓.▓.▓.▓.▓.▓.▓.▓.▓.
*,*,*,*,*,*,▓)▓.▓.▓.▓.▓.▓.▓.▓=
*,*,*,*,*,*,▓'▓.▓.▓.▓)▓.▓.▓.▓[
*,*,*,*,*,*,▓.▓.▓.▓.▓[▓.▓.▓.♣†
*,*,*,*,*,*,▓@▓.▓.▓[▓)▓.▓)▓.♣†
*,*,*,*,*,*,▓.▓.▓.▓.▓)▓.▓)▓.♣[
*,*,*,*,*,*,▓*▓.▓.▓.▓)▓.▓.▓.♣.
*,*,*,*,*,*,▓.▓.▓.▓.▓)▓.▓.▓.♣.
*,*,*,*,*,*,▓.▓.▓)▓.▓)▓.▓.▓.♣.
*,*,*,*,*+*,▓.▓.▓.▓.▓.▓.▓.▓.♣.
*,*,*,*,*,*,▓.▓.▓.▓.▓.▓.▓)▓.♣.
*,*,*+*,*,*,▓'▓.▓)▓)▓.▓.▓.▓.♣.
*,*,*,*,*,*,▓.▓.▓.▓.▓[▓.▓.▓.♣.


You could see an orb of fire.

Vanquished Creatures
  An ancient lich (D)
  Sojobo (D)
  Jory (D)
  An electric golem (D)
  Rupert (D)
  11 Orb Guardians (D)
  A tentacled monstrosity (D)
  A lich (D)
  A death cob (D)
  A draconian monk (D)
  2 shadow dragons (D)
  4 storm dragons (D)
  3 nagarajas (D)
  2 ghost moths (D)
  A frost giant (D)
  Louise (D)
  An emperor scorpion (D)
  A draconian shifter (D)
  A draconian annihilator (D)
  3 black draconians (D)
  2 red draconians (D)
  A yellow draconian (D)
  2 spark wasps (D)
  3 white draconians (D)
  An ettin (D)
  2 merfolk javelineers (D)
  A merfolk impaler (D)
  A great orb of eyes (D)
  2 yaktaur captains (D)
  2 naga warriors (D)
  2 ice dragons (D)
  19 vault guards (D)
  An anaconda (D)
  2 merfolk aquamancers (D)
  A centaur warrior (D)
  A tengu warrior (D)
  A satyr (D)
  3 orc high priests (D)
  A vampire mage (D)
  2 deep elf knights (D)
  A spriggan druid (D)
  3 swamp dragons (D)
  An orc sorcerer (D)
  2 ironbrand convokers (D)
  An orc knight (D)
  3 wolf spiders (D)
  5 moths of wrath (D)
  A merfolk siren (D)
  A vault sentinel (D)
  2 naga magi (D)
  A kobold demonologist (D)
  A rime drake (D)
  A freezing wraith (D)
  A komodo dragon (D)
  A demonic crawler (D)
  A guardian mummy (D)
  A jumping spider (D)
  A hornet (D)
  A raiju (shapeshifter) (D)
  4 blink frogs (D)
  2 spriggans (D)
  2 shadows (D)
  A redback (D)
  A wyvern (D)
  A vampire mosquito (D)
  An acid dragon (D)
  3 porcupines (D)
  A swamp drake (D)
  An ogre (D)
  12 orc warriors (D)
  A sky beast (D)
  A necrophage (D)
  2 centaurs (D)
  A crocodile (D)
  8 bullfrogs (D)
  2 killer bees (D)
  A wight (D)
  A jelly (D)
  7 orc priests (D)
  4 orc wizards (D)
  A shadow imp (D)
  A worm (D)
  6 orcs (D)
  A bat (D)
  A bat skeleton (D)
  A bat zombie (D)
  A jackal (D)
  A bat simulacrum (D)
  2 frilled lizards (D)
  2 kobolds (D)
  A leopard gecko zombie (D)
  A quokka simulacrum (D)
  2 crawling corpses (D)
196 creatures vanquished.

Vanquished Creatures (collateral kills)
  Mennas (D)
  An ancient lich (D)
  A greater mummy (D)
  Boris (D)
  Xtahua (D)
  A tentacled monstrosity (D)
  A lich (D)
  3 Orb Guardians (D)
  3 death cobs (D)
  2 quicksilver dragons (D)
  4 shadow dragons (D)
  2 storm dragons (D)
  2 nagarajas (D)
  Ilsuiw (D)
  2 tengu reavers (D)
  3 frost giants (D)
  2 draconian knights (D)
  2 emperor scorpions (D)
  2 draconian stormcallers (D)
  3 draconian annihilators (D)
  7 stone giants (D)
  An entropy weaver (D)
  A green draconian (D)
  A white draconian (D)
  A yellow draconian (D)
  A red draconian (D)
  A deep elf death mage (D)
  3 ettins (D)
  2 merfolk javelineers (D)
  2 fire dragons (D)
  Josephine (D)
  5 merfolk impalers (D)
  6 vault guards (D)
  A yaktaur captain (D)
  4 hydras (D)
  4 great orbs of eyes (D)
  3 rakshasas (D)
  3 naga warriors (D)
  2 ice dragons (D)
  2 centaur warriors (D)
  Erica (D)
  An alligator (D)
  2 merfolk avatars (D)
  2 alligator snapping turtles (D)
  A satyr (D)
  An anaconda (D)
  An ogre mage (D)
  A tengu warrior (D)
  A deep troll shaman (D)
  A deep troll earth mage (D)
  3 orc high priests (D)
  A shock serpent (D)
  A fire crab (shapeshifter) (D)
  2 unseen horrors (D)
  A glowing orange brain (D)
  A deep elf archer (D)
  2 orc knights (D)
  A shambling mangrove (D)
  2 harpies (D)
  3 swamp dragons (D)
  3 ironbrand convokers (D)
  2 wolf spiders (D)
  A cyclops (D)
  3 moths of wrath (D)
  2 guardian serpents (D)
  3 black mambas (D)
  A naga mage (D)
  A vault sentinel (D)
  A torpor snail (D)
  Psyche (D)
  3 spiny frogs (D)
  A demonic crawler (D)
  2 freezing wraiths (D)
  5 yaktaurs (D)
  A merfolk (D)
  A troll (D)
  3 jumping spiders (D)
  3 hornets (D)
  A bog body (D)
  A slime creature (D)
  A blink frog (D)
  2 redbacks (D)
  5 wraiths (D)
  3 vampire mosquitoes (D)
  A naga (D)
  2 water moccasins (D)
  2 swamp drakes (D)
  A crocodile (D)
  2 bullfrogs (D)
  2 orc priests (D)
  A crawling corpse (D)
179 creatures vanquished.

Vanquished Creatures (others)
  A wizard (D)
1 creature vanquished.

Grand Total: 376 creatures vanquished

Notes
Turn   | Place    | Note
-------+----------+-------------------------------------------
     0 | D        | raistware the Merfolk Gladiator began the quest for the Orb.
     0 | D        | Reached XP level 1. HP: 16/16 MP: 1/1
    11 | D        | Reached skill level 5 in Polearms
    80 | D        | Noticed a sky beast
    80 | D        | Noticed a centaur
    98 | D        | Reached XP level 2. HP: 22/22 MP: 2/2
   106 | D        | Killed a sky beast
   106 | D        | Reached XP level 3. HP: 18/27 MP: 3/3
   106 | D        | Reached XP level 4. HP: 22/33 MP: 4/4
   110 | D        | Killed a centaur
   110 | D        | Reached skill level 15 in Polearms
   110 | D        | Reached XP level 5. HP: 24/38 MP: 5/5
   127 | D        | Found a roughly hewn altar of Beogh.
   127 | D        | Found a snail-covered altar of Cheibriados.
   127 | D        | Found a shadowy altar of Dithmenos.
   127 | D        | Found a white marble altar of Elyvilon.
   127 | D        | Found a blossoming altar of Fedhas.
   127 | D        | Found an opulent altar of Gozag.
   128 | D        | Found a hazy altar of Hepliaklqana.
   129 | D        | Found a viscous altar of Jiyva.
   130 | D        | Found an ancient bone altar of Kikubaaqudgha.
   131 | D        | Found a corrupted altar of Lugonu.
   132 | D        | Found a burning altar of Makhleb.
   133 | D        | Found a sparkling altar of Nemelex Xobeh.
   134 | D        | Found an iron altar of Okawaru.
   135 | D        | Found a stormy altar of Qazlal.
   136 | D        | Found a sacrificial altar of Ru.
   137 | D        | Found a deep blue altar of Sif Muna.
   138 | D        | Found a bloodstained altar of Trog.
   139 | D        | Found a hide-covered altar of Uskayaw.
   140 | D        | Found a radiant altar of Vehumet.
   141 | D        | Found an ornate altar of the Wu Jian Council.
   142 | D        | Found a shimmering altar of Xom.
   143 | D        | Found a basalt altar of Yredelemnul.
   144 | D        | Found a glowing silver altar of Zin.
   145 | D        | Found a glowing golden altar of the Shining One.
   153 | D        | Became a worshipper of the Shining One
   205 | D        | Reached * piety under the Shining One
   205 | D        | Noticed an ogre
   207 | D        | Reached skill level 1 in Armour
   207 | D        | Reached skill level 5 in Dodging
   207 | D        | Reached XP level 6. HP: 32/44 MP: 5/7
   217 | D        | Reached skill level 6 in Dodging
   404 | D        | Noticed a shadow
   404 | D        | Reached ** piety under the Shining One
   404 | D        | Noticed a kobold demonologist
   404 | D        | Noticed a tengu warrior
   404 | D        | Reached *** piety under the Shining One
   404 | D        | Noticed a necrophage
   411 | D        | Killed a shadow
   411 | D        | Reached skill level 7 in Dodging
   411 | D        | Reached skill level 5 in Invocations
   411 | D        | Reached XP level 7. HP: 50/50 MP: 10/10
   429 | D        | Noticed a hellwing
   431 | D        | Killed a kobold demonologist
   431 | D        | Reached **** piety under the Shining One
   431 | D        | Reached skill level 8 in Dodging
   431 | D        | Reached XP level 8. HP: 39/60 MP: 12/12
   448 | D        | Killed a tengu warrior
   448 | D        | Reached skill level 5 in Fighting
   448 | D        | Reached skill level 5 in Armour
   448 | D        | Reached skill level 9 in Dodging
   453 | D        | Reached XP level 9. HP: 33/69 MP: 10/14
   670 | D        | Reached skill level 10 in Dodging
   670 | D        | Noticed a komodo dragon
   672 | D        | Noticed a rime drake
   673 | D        | Reached ***** piety under the Shining One
   692 | D        | Killed a komodo dragon
   695 | D        | Killed a rime drake
   695 | D        | Reached skill level 11 in Dodging
   717 | D        | Noticed a spiny frog
   717 | D        | Noticed a spiny frog
   727 | D        | Killed a spiny frog
   727 | D        | Reached XP level 10. HP: 80/80 MP: 8/16
   736 | D        | Killed a spiny frog
   769 | D        | Reached skill level 12 in Dodging
   775 | D        | Reached ****** piety under the Shining One
   922 | D        | Reached skill level 10 in Invocations
  1005 | D        | Noticed an orc sorcerer
  1005 | D        | Noticed an orc high priest
  1008 | D        | Killed an orc sorcerer
  1014 | D        | Killed an orc high priest
  1021 | D        | Reached skill level 13 in Dodging
  1030 | D        | Reached XP level 11. HP: 78/90 MP: 17/19
  1078 | D        | Found Betzot's Antique Weapon Emporium.
  1078 | D        | Noticed an orc high priest
  1082 | D        | Noticed an orc high priest
  1085 | D        | Killed an orc high priest
  1085 | D        | Reached skill level 10 in Fighting
  1109 | D        | Killed an orc high priest
  1117 | D        | Found Extal's Magic Scroll Shoppe.
  1121 | D        | Found Guati's Food Emporium.
  1125 | D        | Found Xutteisoe's Armour Shoppe.
  1130 | D        | Noticed an orc high priest
  1140 | D        | Noticed an orc high priest
  1142 | D        | Noticed a sun demon
  1142 | D        | Killed an orc high priest
  1143 | D        | Noticed an orc high priest
  1152 | D        | Killed an orc high priest
  1158 | D        | Killed an orc high priest
  1162 | D        | Bought a scroll of magic mapping for 42 gold pieces
  1162 | D        | Bought a scroll of identify for 24 gold pieces
  1168 | D        | Bought a ration for 55 gold pieces
  1168 | D        | Bought a ration for 55 gold pieces
  1168 | D        | Bought a ration for 55 gold pieces
  1218 | D        | Noticed Erica
  1225 | D        | Killed Erica
  1225 | D        | Reached skill level 14 in Dodging
  1259 | D        | Noticed Josephine
  1268 | D        | Killed Josephine
  1586 | D        | Gained mutation: You are partially covered in slimy green scales. (AC +2) [potion of mutation]
  1586 | D        | Gained mutation: You are agile. (Dex +2) [potion of mutation]
  1587 | D        | Lost mutation: You are agile. (Dex +2) [potion of mutation]
  1587 | D        | Lost mutation: You are partially covered in slimy green scales. (AC +2) [potion of mutation]
  1587 | D        | Gained mutation: You tend to lose your temper in combat. [potion of mutation]
  1587 | D        | Gained mutation: You are agile. (Dex +2) [potion of mutation]
  1588 | D        | Lost mutation: You tend to lose your temper in combat. [potion of mutation]
  1588 | D        | Lost mutation: You are agile. (Dex +2) [potion of mutation]
  1588 | D        | Gained mutation: You have a somewhat thin skeletal structure. (Dex +2, Stealth) [potion of mutation]
  1588 | D        | Gained mutation: You possess an exceptional clarity of mind. [potion of mutation]
  1590 | D        | Noticed a centaur warrior
  1604 | D        | Killed a centaur warrior
  1611 | D        | Noticed a stone giant
  1617 | D        | Noticed a stone giant
  1617 | D        | Noticed an ettin
  1619 | D        | Noticed an ice dragon
  1624 | D        | Killed a stone giant
  1635 | D        | Killed a stone giant
  1641 | D        | Killed an ettin
  1642 | D        | Noticed a fire crab
  1642 | D        | Noticed a wizard
  1647 | D        | Killed an ice dragon
  1647 | D        | Reached skill level 15 in Dodging
  1647 | D        | Reached XP level 12. HP: 93/102 MP: 5/21
  1730 | D        | Noticed Psyche
  1737 | D        | Killed Psyche
  1748 | D        | Noticed Rupert
  1764 | D        | Killed Rupert
  1795 | D        | Noticed a spriggan rider
  1803 | D        | Noticed an alligator
  1831 | D        | Killed an alligator
  1898 | D        | Noticed a naga warrior
  1898 | D        | Noticed an anaconda
  1899 | D        | Noticed a shock serpent
  1904 | D        | Killed a naga warrior
  1904 | D        | Reached skill level 16 in Dodging
  1915 | D        | Killed an anaconda
  1920 | D        | Killed a shock serpent
  1925 | D        | Reached skill level 10 in Armour
  1973 | D        | Noticed a satyr
  1973 | D        | Noticed an alligator snapping turtle
  1973 | D        | Noticed a satyr
  1982 | D        | Noticed an alligator snapping turtle
  1986 | D        | Killed a satyr
  1987 | D        | Noticed a merfolk javelineer
  2009 | D        | Killed an alligator snapping turtle
  2018 | D        | Noticed a merfolk impaler
  2025 | D        | Killed a satyr
  2034 | D        | Killed an alligator snapping turtle
  2039 | D        | Killed a merfolk impaler
  2046 | D        | Killed a merfolk javelineer
  2046 | D        | Reached XP level 13. HP: 27/111 MP: 6/23
  2058 | D        | Identified a trishula of holy wrath {god gift} (a demon trident of freezing blessed by the Shining One)
  2058 | D        | Received a gift from the Shining One
  2389 | D        | Noticed a spark wasp
  2393 | D        | Killed a spark wasp
  2393 | D        | Reached skill level 17 in Dodging
  2461 | D        | Noticed a great orb of eyes
  2461 | D        | Noticed a great orb of eyes
  2461 | D        | Noticed a fire dragon
  2461 | D        | Noticed a rakshasa
  2461 | D        | Noticed a frost giant
  2466 | D        | Killed a rakshasa
  2466 | D        | Noticed an ettin
  2468 | D        | Killed a great orb of eyes
  2473 | D        | Killed a great orb of eyes
  2479 | D        | Killed a fire dragon
  2489 | D        | Killed a frost giant
  2492 | D        | Noticed a rakshasa
  2493 | D        | Noticed a frost giant
  2497 | D        | Killed an ettin
  2501 | D        | Reached skill level 15 in Invocations
  2506 | D        | Killed a rakshasa
  2523 | D        | Killed a frost giant
  2523 | D        | Reached skill level 18 in Dodging
  2552 | D        | Noticed an ettin
  2553 | D        | Noticed a great orb of eyes
  2561 | D        | Killed an ettin
  2564 | D        | Noticed a great orb of eyes
  2567 | D        | Killed a great orb of eyes
  2570 | D        | Reached skill level 15 in Fighting
  2576 | D        | Killed a great orb of eyes
  2660 | D        | Noticed a yaktaur captain
  2660 | D        | Noticed a rakshasa
  2681 | D        | Killed a yaktaur captain
  2694 | D        | Killed a rakshasa
  2701 | D        | Noticed a stone giant
  2703 | D        | Noticed a lich
  2717 | D        | Killed a stone giant
  2717 | D        | Reached skill level 5 in Throwing
  2720 | D        | Killed a lich
  2720 | D        | Reached skill level 19 in Dodging
  2729 | D        | Noticed a deep elf death mage
  2729 | D        | Noticed a greater mummy
  2737 | D        | Killed a greater mummy
  2737 | D        | Reached XP level 14. HP: 42/125 MP: 13/26
  2751 | D        | Noticed an entropy weaver
  2763 | D        | Killed an entropy weaver
  2814 | D        | Noticed Mennas
  2857 | D        | Killed Mennas
  2914 | D        | Noticed Xtahua
  2914 | D        | Paralysed by Xtahua for 5 turns
  2938 | D        | Killed Xtahua
  2938 | D        | Reached skill level 20 in Dodging
  2938 | D        | Reached skill level 1 in Shields
  2954 | D        | Noticed a tengu reaver
  2957 | D        | Noticed a tengu reaver
  2964 | D        | Killed a tengu reaver
  2978 | D        | Noticed Sojobo
  3013 | D        | Killed a tengu reaver
  3041 | D        | Killed Sojobo
  3387 | D        | Noticed a ghost moth
  3394 | D        | Killed a ghost moth
  3394 | D        | Reached skill level 5 in Shields
  3612 | D        | Noticed an emperor scorpion
  3612 | D        | Noticed an emperor scorpion
  3630 | D        | Killed an emperor scorpion
  3643 | D        | Killed an emperor scorpion
  3645 | D        | Noticed a ghost moth
  3647 | D        | Noticed an emperor scorpion
  3651 | D        | Killed a ghost moth
  3651 | D        | Reached skill level 10 in Throwing
  3663 | D        | Killed an emperor scorpion
  3663 | D        | Reached skill level 21 in Dodging
  3694 | D        | Got a gossamer rune of Zot
  4071 | D        | Got a decaying rune of Zot
  4409 | D        | Noticed Ilsuiw
  4413 | D        | Reached XP level 15. HP: 121/136 MP: 12/28
  4430 | D        | Killed Ilsuiw
  4490 | D        | Got a barnacled rune of Zot
  4499 | D        | Noticed a nagaraja
  4499 | D        | Noticed a nagaraja
  4500 | D        | Noticed a nagaraja
  4504 | D        | Killed a nagaraja
  4515 | D        | Killed a nagaraja
  4515 | D        | Reached skill level 22 in Dodging
  4515 | D        | Noticed a nagaraja
  4521 | D        | Killed a nagaraja
  4529 | D        | Killed a nagaraja
  4567 | D        | Noticed a nagaraja
  4585 | D        | Killed a nagaraja
  4596 | D        | Got a serpentine rune of Zot
  4817 | D        | Reached skill level 10 in Shields
  4933 | D        | Reached skill level 23 in Dodging
  5002 | D        | Reached skill level 15 in Armour
  5002 | D        | Reached XP level 16. HP: 146/148 MP: 24/30
  5025 | D        | Noticed a lich
  5047 | D        | Killed a lich
  5089 | D        | Noticed a shadow dragon
  5101 | D        | Noticed a shadow dragon
  5107 | D        | Killed a shadow dragon
  5114 | D        | Killed a shadow dragon
  5167 | D        | Noticed a shadow dragon
  5167 | D        | Noticed a shadow dragon
  5177 | D        | Killed a shadow dragon
  5199 | D        | Noticed an ancient lich
  5202 | D        | Noticed a shadow dragon
  5217 | D        | Killed an ancient lich
  5217 | D        | Reached skill level 24 in Dodging
  5218 | D        | Killed a shadow dragon
  5238 | D        | Killed a shadow dragon
  5238 | D        | Reached skill level 15 in Throwing
  5247 | D        | Got a silver rune of Zot
  5340 | D        | Got the ring "Qummico" {Str+3 Int+5}
  5342 | D        | Got the ring "Obauciul" {Wiz rC++ Str-4}
  5344 | D        | Got the ring "Fuedd" {rC+ EV+3 Int+4}
  5346 | D        | Got the amulet "Toumn" {+Rage +Inv}
  5348 | D        | Got the amulet "Raqez" {Faith rF- Str+7 Dex+8}
  5351 | D        | Found the +7 great mace "Firestarter" {inner flame, rF++}
  5356 | D        | Got the +11 scythe of Armageddon {freeze, rF+}
  5497 | D        | Noticed Louise
  5513 | D        | Killed Louise
  5526 | D        | Noticed Jory
  5548 | D        | Killed Jory
  5553 | D        | Noticed Boris
  5566 | D        | Killed Boris
  5707 | D        | Reached skill level 25 in Dodging
  5816 | D        | Noticed a storm dragon
  5816 | D        | Noticed a storm dragon
  5831 | D        | Killed a storm dragon
  5838 | D        | Killed a storm dragon
  5993 | D        | Reached skill level 15 in Shields
  5993 | D        | Reached XP level 17. HP: 139/160 MP: 31/31
  6162 | D        | Noticed a quicksilver dragon
  6162 | D        | Noticed an electric golem
  6162 | D        | Noticed a death cob
  6165 | D        | Noticed a death cob
  6170 | D        | Killed a quicksilver dragon
  6199 | D        | Killed a death cob
  6204 | D        | Killed a death cob
  6222 | D        | Killed an electric golem
  6222 | D        | Reached skill level 26 in Dodging
  6301 | D        | Noticed a death cob
  6322 | D        | Killed a death cob
  6491 | D        | Noticed a tentacled monstrosity
  6514 | D        | Killed a tentacled monstrosity
  6523 | D        | HP: 1/162 [red draconian stormcaller (20)]
  6633 | D        | Noticed a death cob
  6633 | D        | Noticed a tentacled monstrosity
  6638 | D        | Noticed a quicksilver dragon
  6654 | D        | Killed a tentacled monstrosity
  6660 | D        | Killed a death cob
  6672 | D        | Reached skill level 27 in Dodging
  6687 | D        | Killed a quicksilver dragon
  6796 | D        | Noticed an Orb Guardian
  6796 | D        | Noticed an Orb Guardian
  6796 | D        | Noticed an Orb Guardian
  6796 | D        | Noticed an Orb Guardian
  6796 | D        | Noticed an Orb Guardian
  6796 | D        | Noticed an Orb Guardian
  6803 | D        | Killed an Orb Guardian
  6810 | D        | Killed an Orb Guardian
  6814 | D        | Killed an Orb Guardian
  6819 | D        | Killed an Orb Guardian
  6837 | D        | Killed an Orb Guardian
  6848 | D        | Killed an Orb Guardian
  6850 | D        | Noticed an Orb Guardian
  6853 | D        | Noticed an Orb Guardian
  6854 | D        | Noticed an Orb Guardian
  6860 | D        | Killed an Orb Guardian
  6870 | D        | Killed an Orb Guardian
  6870 | D        | Reached XP level 18. HP: 119/173 MP: 19/33
  6878 | D        | Killed an Orb Guardian
  6936 | D        | Noticed an Orb Guardian
  6947 | D        | Killed an Orb Guardian
  6954 | D        | Noticed an Orb Guardian
  6954 | D        | Noticed an Orb Guardian
  6955 | D        | Noticed an Orb Guardian
  6961 | D        | Noticed an Orb Guardian
  6970 | D        | Killed an Orb Guardian
  6981 | D        | Killed an Orb Guardian
  7003 | D        | Killed an Orb Guardian
  7015 | D        | Killed an Orb Guardian
  7043 | D        | Noticed an ancient lich
  7050 | D        | Killed an ancient lich
  7053 | D        | Noticed an orb of fire
  7249 | D        | Gained mutation: Armour fits poorly on your strangely shaped body. [an orb of fire]
  7263 | D        | Gained mutation: Your muscles are strong. (Str +2) [an orb of fire]
  7263 | D        | Killed from afar by an orb of fire

Vault maps used:
D:        linesprint

Skill      XL: |  1  2  3  4  5  6  7  8  9 10 11 12 13 14 15 16 17 18 |
---------------+-------------------------------------------------------+-----
Polearms       | 7 12 15 17 18 19 20 22 24 26 | 26.0
Armour         | 1 3 4 5 6 7 9 10 12 13 15 17 19 | 19.9
Dodging        | 5 7 8 9 11 13 15 16 19 21 23 25 27 | 27.0
Invocations    | 2 5 6 7 9 10 12 14 16 18 20 21 22 23 | 23.2
Fighting       | 4 5 7 9 11 13 16 17 19 21 24 25 | 25.0
Throwing       | 6 10 13 16 19 20 | 20.5
Shields        | 7 11 15 18 19 | 19.4

Action                   |  1- 3 |  4- 6 |  7- 9 | 10-12 | 13-15 | 16-18 || total
-------------------------+-------+-------+-------+-------+-------+-------++-------
Melee: Trident           |    39 |     5 |       |       |       |       ||    44
       Halberd           |       |    23 |    70 |   189 |       |       ||   282
       Bardiche          |       |       |       |     7 |    42 |       ||    49
       Trishula          |       |       |       |       |   300 |   408 ||   708
Invok: Divine Shield     |       |       |     1 |       |     1 |       ||     2
       Summon Divine War |       |       |     1 |    11 |    33 |    45 ||    90
       Brand Weapon With |       |       |       |       |     1 |       ||     1
Evoke: Wand              |       |       |     2 |       |       |     6 ||     8
  Use: Potion            |     3 |       |       |     3 |    17 |    11 ||    34
       Scroll            |       |       |       |     2 |     6 |     1 ||     9
  Eat: Chunk             |       |       |       |     7 |     3 |    17 ||    27
       Ration            |       |       |       |       |     4 |       ||     4
Armor: Leather armour    |     5 |       |       |       |       |       ||     5
       Ring mail         |       |     6 |    15 |    20 |    24 |     1 ||    66
       Skin              |       |       |       |       |     2 |       ||     2
       Chain mail        |       |       |       |       |       |    60 ||    60
Dodge: Dodged            |    10 |    13 |    33 |    43 |    89 |   104 ||   292
Block: Other             |       |       |     3 |       |       |       ||     3
       Large shield      |       |       |       |       |    89 |   161 ||   250

Table legend:
 A = Spawn XP
 B = Non-spawn XP
 C = Spawn XP percentage of total XP
 D = Spawn monster count
 E = Non-spawn monster count
 F = Spawn count percentage of total count
 G = Total turns spent on level
                    A         B        C        D         E        F      G
               +---------+---------+-------+---------+---------+-------+---------
         Total |       0 |  269120 |   0.0 |       0 |     372 |   0.0 |  7263
               +---------+---------+-------+---------+---------+-------+---------
             D |       0 |  269120 |   0.0 |       0 |     372 |   0.0 |  7263
               +---------+---------+-------+---------+---------+-------+---------
